AoeStats
← 牛油果

Nomad

509118759Analyzed
4v4 RM · 6d ago on Sep 25, 2026· 47m 17s· 8 players
Game mode
Random Map
Map size
231×231
Population
200
Speed
Normal
Resources
Standard
Victory
Conquest
Starting age
Dark Age
Ending age
Imperial Age
RankedLock teamsTeams togetherTeam positionsShared explorationLock speedFull tech treeHidden civsTurbo modeCheats
Victory
Defeat
🇭🇰 Hindustanis · Hong Kong SAR China
1561
+14
🇭🇰 Spanish · Hong Kong SAR China
1544
+14
🇭🇰 Franks · Hong Kong SAR China
1440
+19
🇭🇰 Saracens · Hong Kong SAR China
1415
+20
🇺🇸 Vikings · United States
1584
-20
🇩🇪 Italians · Germany
1552
-19
🇺🇸 Huns · United States
1447
-14
🇺🇸 Saracens · United States
1436
-14
牛油果
5:14 Loom
15:23 Feudal Age
19:27 Castle Age
17:46 Double-Bit Axe
17:42 Fishing Lines
20:20 Bow Saw
20:21 Gillnets
22:23 Horse Collar
28:03 Wheelbarrow
29:36 Hand Cart
31:36 Heavy Plow
31:27 Gold Mining
34:57 Imperial Age
33:20 Gold Shaft Mining
32:53 Scale Barding Armor
33:15 Forging
33:58 Chain Barding Armor
33:39 Husbandry
34:16 Bloodlines
35:20 Iron Casting
34:53 Town Watch
34:59 Stone Mining
36:44 Two-Man Saw
36:21 Plate Barding Armor
35:07 Heavy Camel Rider
36:09 Conscription
39:24 Blast Furnace
38:36 Grand Trunk Road
38:32 Imperial Camel Rider
42:11 Stone Shaft Mining
43:18 Light Cavalry
evi
3:53 Loom
13:27 Feudal Age
17:39 Castle Age
16:09 Double-Bit Axe
19:35 Bow Saw
22:15 Wheelbarrow
21:28 Fishing Lines
30:31 Scale Mail Armor
34:29 Imperial Age
33:00 Forging
34:04 Ballistics
36:10 Iron Casting
36:33 Gold Mining
37:01 Hand Cart
37:21 Conscription
38:09 Chain Mail Armor
38:34 Gold Shaft Mining
37:50 Stone Mining
38:49 Elite Throwing Axeman
42:05 Plate Mail Armor
42:51 Blast Furnace
42:29 Light Cavalry
43:31 Scale Barding Armor
44:11 Husbandry
45:58 Chemistry
44:50 Fletching
47:54 Chain Barding Armor
羅敏莊
5:27 Loom
13:32 Feudal Age
15:45 Fishing Lines
18:19 Castle Age
20:02 Padded Archer Armor
20:15 Double-Bit Axe
21:32 Leather Archer Armor
22:04 Bloodlines
21:54 Husbandry
26:39 Horse Collar
36:35 Wheelbarrow
39:22 Gold Mining
39:22 Stone Mining
40:31 Light Cavalry
44:50 Imperial Age
42:52 Heavy Plow
43:04 Bow Saw
43:39 Hand Cart
45:03 Stone Shaft Mining
44:58 Cavalier
45:50 Scale Barding Armor
46:36 Forging
46:51 Chain Barding Armor
46:19 Paladin
48:01 Iron Casting
48:05 Conscription
48:11 Supremacy
迷途小書童
5:21 Loom
17:06 Feudal Age
19:09 Double-Bit Axe
21:29 Castle Age
19:56 Double-Bit Axe
19:52 Horse Collar
23:15 Scale Barding Armor
24:57 Husbandry
33:52 Wheelbarrow
45:08 Bow Saw
46:44 Hand Cart
46:43 Elite Skirmisher
KingQP
9:59 Loom
13:19 Feudal Age
14:01 Double-Bit Axe
16:53 Fletching
19:25 Castle Age
17:52 Stone Mining
18:49 Gold Mining
19:30 Padded Archer Armor
20:22 Medium Warships
21:42 Bow Saw
22:57 Ballistics
23:34 Bodkin Arrow
27:48 Masonry
31:18 Horse Collar
39:21 Imperial Age
36:41 Town Watch
37:58 Leather Archer Armor
39:18 Heavy Plow
41:24 Bracer
42:28 Wheelbarrow
45:39 Chemistry
Man1ac_King1
4:41 Loom
13:43 Feudal Age
13:52 Feudal Age
17:46 Castle Age
17:20 Scale Barding Armor
17:51 Forging
17:44 Double-Bit Axe
20:12 Iron Casting
25:08 Wheelbarrow
25:05 Horse Collar
26:48 Gold Mining
28:58 Bloodlines
31:03 Elite Skirmisher
31:38 Fletching
32:31 Hand Cart
32:57 Padded Archer Armor
32:53 Bodkin Arrow
35:04 Leather Archer Armor
38:57 Ballistics
40:24 Bow Saw
SylPags
4:57 Loom
16:22 Feudal Age
20:29 Castle Age
20:27 Double-Bit Axe
20:46 Scale Mail Armor
21:53 Bow Saw
26:36 Forging
28:47 Fletching
31:54 Bodkin Arrow
33:20 Padded Archer Armor
36:26 Imperial Age
34:51 Chain Mail Armor
35:01 Squires
35:56 Ballistics
38:23 Chemistry
39:20 Two-Man Saw
38:36 Crossbowman
39:42 Arbalester
41:11 Gold Mining
43:30 Bracer
44:31 Pikeman
45:56 Bogsveigar
Geom
4:34 Loom
13:35 Feudal Age
19:04 Castle Age
17:06 Double-Bit Axe
18:29 Gold Mining
18:56 Scale Barding Armor
19:02 Forging
20:13 Bloodlines
20:04 Husbandry
20:21 Bow Saw
34:58 Wheelbarrow
35:57 Hand Cart
39:56 Imperial Age
37:20 Town Watch
38:24 Chain Barding Armor
41:41 Two-Man Saw
41:31 Plate Barding Armor
40:18 Cavalier
41:35 Iron Casting
42:28 Horse Collar
46:50 Heavy Plow
Connection lost

Rejoining the realm…

Still unreachable

The connection could not be restored.

Session expired

The server has moved on; the page needs a fresh start.